AoeStats
← victordh91

Arabia

506117589Analyzed
1v1 RM · 19d ago on Sep 12, 2026· 53m 9s· 2 players
Game mode
Random Map
Map size
Tiny (2 player)
Population
200
Speed
Normal
Resources
Standard
Victory
Conquest
Starting age
Dark Age
Ending age
Imperial Age
RankedLock teamsTeams togetherTeam positionsShared explorationLock speedFull tech treeHidden civsTurbo modeCheats
Victory
Defeat
🇳🇱 Franks · Netherlands
869
+17
🇦🇺 Celts · Australia
880
-17
victordh91
6:40 Loom
9:17 Feudal Age
19:06 Castle Age
17:09 Double-Bit Axe
18:24 Scale Barding Armor
18:36 Forging
19:05 Gold Mining
20:16 Bow Saw
23:02 Iron Casting
24:18 Wheelbarrow
24:52 Stone Mining
25:22 Husbandry
28:22 Hand Cart
31:02 #83
40:17 Imperial Age
41:44 Elite Throwing Axeman
42:18 Elite Throwing Axeman
43:24 Conscription
shminky
6:56 Loom
10:45 Feudal Age
20:30 Castle Age
19:17 Forging
20:35 Stone Mining
20:56 Pikeman
22:13 Iron Casting
23:42 Double-Bit Axe
24:46 Horse Collar
25:56 Bow Saw
26:09 Gambesons
28:09 Scale Mail Armor
31:31 Chain Mail Armor
31:22 Stronghold
32:41 Stone Shaft Mining
37:32 Ballistics
47:05 Imperial Age
47:31 Capped Ram
47:51 Halberdier
48:56 Arson
Connection lost

Rejoining the realm…

Still unreachable

The connection could not be restored.

Session expired

The server has moved on; the page needs a fresh start.